[Event "98th Caplin Hastings Masters 2024-25"]
[Site "Hastings"]
[Date "2024.12.28"]
[Round "1.2"]
[White "Schimnatkowski, Lukas"]
[Black "Laurent-Paoli, Pierre"]
[Result "0-1"]
[ECO "B23"]
[WhiteElo "2221"]
[BlackElo "2559"]
[Annotator "TA"]
[PlyCount "76"]
[EventDate "2024.12.23"]
[EventType "swiss"]
[EventCountry "ENG"]
[SourceTitle "playchess.com"]
[Source "ChessBase"]
[SourceQuality "1"]
[TimeControl "5400+30"]

1. e4 c5 2. Nc3 Nc6 3. f4 e6 4. Nf3 Nh6 5. Bc4 a6 6. a4 f5 7. d3 b6 8. O-O Bb7 9. Qe1 Be7 10. Nd5 fxe4 11. Nxe7 $1 exf3 12. Nxc6 Bxc6 13. Bxe6 $1 fxg2 14. Bh3+ (14. Bd5+ $1 $11 Kf8 15. Bxg2) 14... Kf7 $17 {[%emt 0:01:05] Really sharp!} 15. Bxg2 Bxg2 16. Kxg2 Re8 $36 {[%emt 0:00:08][%mdl 2048] Prevents f5. Keeping White busy.} 17. Qf2 Nf5 {[%emt 0:00:50] ...Qf6 would now be deadly.} 18. Bd2 Qf6 {[%emt 0:01:02] Black is more active.} 19. Rae1 (19. Bc3 $17 Qg6+ 20. Kh1) 19... Qxb2 $19 20. Re5 g6 (20... Rxe5 21. fxe5 g6 22. Qf3 $11) 21. Qe2 $2 (21. Rc1 {was worth a try.}) 21... Qxc2 22. Rxf5+ (22. a5 $142) 22... gxf5 23. Qh5+ Ke7 24. Re1+ Kd6 25. Rxe8 Qxd2+ {[%emt 0:00:22][%mdl 4096] Endgame KQR-KQR. Black is two pawns up.} 26. Kg3 (26. Qe2 $142 Qxe2+ (26... Rxe8 $2 {perishes.} 27. Qxd2 Kc6 28. Kf1 $18) 27. Rxe2) 26... Qxd3+ 27. Kh4 Rxe8 28. Qxe8 {[%emt 0:00:06] KQ-KQ. Black is 3 pawns up.} Qe4 29. Qb8+ Ke7 30. h3 Qe6 ({Stronger than} 30... Qxa4 31. Qe5+ Kd8 32. Qb8+ Ke7 33. Qe5+ Kf7 34. Qxf5+ Ke8 35. Qe5+ Kf7 36. Qd5+ Kf8 37. Qf5+ Ke7 38. Qe5+ Kf7 39. Qf5+ Kg8 40. Qd5+ Kf8 41. Qf5+ Ke8 42. Qe5+ Kd8 43. Qb8+ Ke7 44. Qe5+ Kd8 45. Qb8+ Ke7 46. Qe5+ $11) 31. Kg5 Qg6+ 32. Kh4 Qd6 33. Qb7 Qxf4+ 34. Kh5 Qg3 {[%emt 0:00:58] Inhibits Qg2.} 35. Qxb6 Qxh3+ 36. Kg5 Qg4+ 37. Kh6 Qg6+ 38. Qxg6 hxg6 0-1

[Event "98th Caplin Hastings Masters 2024-25"]
[Site "Hastings"]
[Date "2024.12.28"]
[Round "1.3"]
[White "Boyer, Mahel"]
[Black "Badacsonyi, Frankie"]
[Result "1-0"]
[ECO "A07"]
[WhiteElo "2526"]
[BlackElo "2218"]
[Annotator "TA"]
[PlyCount "71"]
[EventDate "2024.12.23"]
[EventType "swiss"]
[EventCountry "ENG"]
[SourceTitle "playchess.com"]
[Source "ChessBase"]
[SourceQuality "1"]
[TimeControl "5400+30"]

1. Nf3 d5 2. g3 Nd7 3. Nc3 Ngf6 4. d4 Nb6 5. Bg2 Bf5 6. Nh4 e6 7. Nxf5 exf5 8. Qd3 g6 9. f3 Bg7 10. e4 dxe4 11. fxe4 fxe4 12. Nxe4 O-O 13. Bg5 Qe8 14. Bxf6 Bxf6 15. O-O-O Bg7 16. Kb1 c6 17. h4 {[%emt 0:00:38][%cal Bh2h4,Bh4h5,Bh5h6][%mdl 32] White is more active.} Rd8 18. c3 Qe6 19. h5 Rfe8 20. h6 Bh8 21. Rhf1 Re7 22. Rf2 Qc4 23. Qf3 f5 24. Nc5 Qd5 {[%emt 0:02:05] [#]} (24... Rde8 $1 $14) 25. Qd3 (25. g4 $1 $16) 25... Qc4 $11 26. Qf3 (26. Qd2 $11 Qf7 27. Bf3) 26... Qd5 $16 {[%emt 0:00:13] [#]} 27. Re2 (27. g4 $1 $16) 27... Qxf3 $11 28. Bxf3 Rxe2 29. Bxe2 Re8 30. Re1 {[%emt 0:00:25][%cal Oe2c4] Hoping for Bc4+!.} Rb8 $2 (30... Kf8 $11 {and Black is okay.}) 31. g4 $36 {[%emt 0:02:05][%mdl 2048] Black is under strong pressure.} Bf6 (31... fxg4 $16 32. Bxg4 Bf6) 32. gxf5 gxf5 33. Rf1 Re8 34. Bd3 ({Not} 34. Rxf5 Bxd4 35. Rg5+ (35. cxd4 Rxe2 36. Nxb7 Rh2 $16) (35. Nxb7 Bxc3 36. Bh5 Re5 $16) 35... Kf8 36. cxd4 Rxe2 $14) 34... Re7 $2 (34... Bh4 35. Bxf5 (35. Nxb7 Re6 $18) (35. Rxf5 Nd5 $18) 35... Re1+ 36. Rxe1 Bxe1 37. Nxb7 (37. Be6+ Kf8 $18) 37... Nd5) 35. Bxf5 Nc4 {[%emt 0:01:13] ...Nd2+ is the strong threat.} 36. Rg1+ (36. Be6+ Rxe6 37. Rg1+ (37. Nxe6 $2 {loses.} Nd2+ 38. Kc2 Nxf1 $19) 37... Kf7 38. Nxe6 Kxe6 $15) 1-0

[Event "98th Caplin Hastings Masters 2024-25"]
[Site "Hastings"]
[Date "2024.12.28"]
[Round "1.4"]
[White "Muir, Andrew J"]
[Black "Stefansson, Vignir Vatnar"]
[Result "0-1"]
[ECO "D31"]
[WhiteElo "2214"]
[BlackElo "2537"]
[Annotator "TA"]
[PlyCount "70"]
[EventDate "2024.12.23"]
[EventType "swiss"]
[EventCountry "ENG"]
[SourceTitle "playchess.com"]
[Source "ChessBase"]
[SourceQuality "1"]
[TimeControl "5400+30"]

1. d4 d5 2. c4 e6 3. Nc3 a6 4. cxd5 exd5 5. Qb3 Nf6 6. Bg5 c6 7. e4 dxe4 8. Bc4 Qe7 9. a4 $1 h6 10. Bxf6 Qxf6 11. Nge2 Qg6 12. O-O Bd6 {[%emt 0:03:13] Repels Nf4} 13. Ng3 O-O 14. Ncxe4 (14. Ngxe4 Bc7 $11) 14... a5 ({Black should play} 14... Bf4 $14) 15. Nxd6 Qxd6 16. Rfe1 Qd8 17. Re3 {[%emt 0:07:07] And now Rae1 would win.} Na6 18. Rae1 Nc7 19. Rf3 (19. Nh5 $1 $14 Bg4 20. Nxg7 Kxg7 21. Rg3) 19... Be6 $11 20. Bxe6 Nxe6 21. Nf5 Nxd4 22. Nxd4 Qxd4 23. Re7 Qc5 (23... b5 $1 $15 24. Rfxf7 Rxf7 25. Qxf7+ Kh7 26. Qf5+ Kh8) 24. Rd7 Rae8 25. h3 Re7 26. Rxb7 Re1+ 27. Kh2 Qd6+ (27... Qc1 $11 28. Kg3 Qg5+ 29. Kh2 Qc1) 28. g3 $14 Qg6 29. Qd3 $1 Qg5 30. Rf4 Qh5 31. Qf3 Qg6 32. Rc7 Rc1 33. Rf5 (33. b3 $16) 33... Qe6 $11 34. Rxa5 $2 (34. h4 $14) 34... Qe1 $19 35. Qg2 {[%emt 0:00:19] Against Qg1+} Qxa5 0-1

[Event "98th Caplin Hastings Masters 2024-25"]
[Site "Hastings"]
[Date "2024.12.28"]
[Round "1.5"]
[White "Royal, Shreyas"]
[Black "Steiners, Emils"]
[Result "0-1"]
[ECO "B33"]
[WhiteElo "2522"]
[BlackElo "2209"]
[Annotator "TA"]
[PlyCount "146"]
[EventDate "2024.12.23"]
[EventType "swiss"]
[EventCountry "ENG"]
[SourceTitle "playchess.com"]
[Source "ChessBase"]
[SourceQuality "1"]
[TimeControl "5400+30"]

1. e4 c5 2. Nf3 Nc6 3. d4 cxd4 4. Nxd4 Nf6 5. Nc3 e5 6. Ndb5 d6 7. Nd5 Nxd5 8. exd5 Nb8 9. a4 a6 10. Na3 Be7 11. Nc4 O-O 12. a5 Nd7 13. Be2 f5 14. Bd2 Nf6 15. Bb4 Re8 16. O-O f4 17. f3 Kh8 18. Qd3 Bd7 19. Nb6 Rb8 20. Rfd1 Qc7 21. Ra3 Rbd8 22. Be1 g6 23. Rc3 Qb8 24. Nxd7 Rxd7 25. Bf2 Bd8 26. b4 Kg8 27. Rb3 Qc8 28. c4 Rf7 29. Qc2 e4 30. Bd4 exf3 31. Bxf3 Ng4 32. c5 Ne3 33. Bxe3 fxe3 34. Qe2 Bg5 35. cxd6 Qd8 36. d7 Rxd7 37. Bg4 Rd6 $1 (37... Rxd5 $2 38. Qc4 $18) 38. b5 Kg7 (38... Rxd5 $2 39. Qc4 $18) (38... h5 $5 39. Bf3 Qxa5 $15) 39. bxa6 bxa6 40. Rb7+ Kh8 41. Rf1 Rf6 (41... Rxd5 $2 42. Rff7 Rb5 (42... Rxa5 $2 43. Rxh7+ Kg8 44. Qc4+ Qd5 45. Qc3 $18) 43. Rxb5 (43. Rxh7+ Kg8 $18) 43... axb5 44. Qb2+ $18 (44. Qxb5 Rf8 $16)) 42. Qb2 Kg8 43. Rd1 Qd6 44. Rb6 $2 (44. Kh1 $11) 44... Qf4 $2 ({Better is} 44... e2 $1 $19 45. Qxe2 Qc5+ 46. Kh1 Rxe2 47. Bxe2 Rxb6 (47... Qxa5 $2 48. Rxf6 Bxf6 49. d6 $19) 48. axb6 Qxb6) 45. Be6+ $2 (45. Be2 $11) 45... Kg7 $19 46. Rb7+ $2 (46. Rb1) 46... Kh6 $19 47. Qe2 Ref8 48. g3 $2 (48. Bg4 Qf2+ 49. Qxf2 Rxf2 50. h4 Bxh4 51. Rb4) 48... Qf2+ $2 (48... Qe4 {( -> ...Rf2)} 49. h4 Rf2 50. hxg5+ Kxg5 51. Qg4+ Qxg4 52. Bxg4 Kxg4) 49. Qxf2 $19 Rxf2 50. h4 e2 51. hxg5+ Kxg5 52. Rbb1 exd1=Q+ (52... exd1=N 53. Rxd1 Re2 54. Bh3 $19) 53. Rxd1 R2f6 (53... Re2 $142 54. Ra1 Rf3) 54. Rb1 $2 (54. Kg2 {was called for.}) 54... h5 $19 55. Rb2 Rf3 56. Rd2 Rxg3+ 57. Kh2 Rgf3 58. Kg2 R3f6 59. Bd7 (59. Re2 $142) 59... Rd8 $19 60. Ba4 Kh6 61. Bb3 g5 62. Re2 g4 63. Bc4 Rdd6 64. Re5 Rf4 65. Bd3 Rd4 66. Be4 Ra4 67. Kg3 Ra3+ (67... Rxa5 68. Kh4 $17) 68. Kf4 Rf6+ 69. Rf5 Rxf5+ (69... Kg6 $142 70. Ke5 Rxf5+ 71. Bxf5+ Kg5 72. Be4 Rxa5 73. Kd4 Ra4+ 74. Kd3 Rxe4 75. Kxe4 Kf6 76. Kf4 a5 77. Ke4 Ke7 78. Kd4 a4 79. Kd3 Kd6 80. Kd4 a3 81. Kc3 g3 (81... Kxd5 {gets mated.} 82. Kb3 g3 83. Kxa3 g2 84. Kb3 g1=Q 85. Kc3 Qd4+ 86. Kb3 Qd2 87. Ka4 Kc4 88. Ka3 Qf2 89. Ka4 Qa7#) 82. Kb3 g2 (82... Kxd5 83. Kxa3 g2 84. Kb3 g1=Q 85. Kc3 Qe3+ 86. Kc2 Kc4 87. Kd1 Qf2 88. Kc1 Kc3 89. Kd1 Qf1#) 83. Kxa3 g1=Q (83... g1=R 84. Kb2 h4 85. Kc3 h3 86. Kd2 Kxd5 87. Ke3 h2 88. Kf4 h1=Q 89. Ke3 Qh3+ 90. Kf4 Rg4+ 91. Kf5 Qf3#) 84. Kb2 Kxd5 85. Kc3 Qd1 86. Kb4 Qc2 87. Kb5 Qb3+ (87... Qf2 88. Kb4 Qb2+ 89. Ka4 Kc4 90. Ka5 Qb5#) 88. Ka5 Kc6 89. Ka6 Qb6#) 70. Kxf5 Kg7 71. d6 Kf7 72. Bd5+ Ke8 73. Bc6+ Kd8 0-1

[Event "98th Caplin Hastings Masters 2024-25"]
[Site "Hastings"]
[Date "2024.12.28"]
[Round "1.6"]
[White "Golding, James"]
[Black "Xue, Haowen"]
[Result "0-1"]
[ECO "E11"]
[WhiteElo "2203"]
[BlackElo "2502"]
[Annotator "TA"]
[PlyCount "52"]
[EventDate "2024.12.23"]
[EventType "swiss"]
[EventCountry "ENG"]
[SourceTitle "playchess.com"]
[Source "ChessBase"]
[SourceQuality "1"]
[TimeControl "5400+30"]

1. d4 Nf6 2. c4 e6 3. Nf3 Bb4+ 4. Bd2 Qe7 5. g3 Nc6 6. a3 Bxd2+ 7. Qxd2 d5 8. b3 (8. Qc3 $142) 8... dxc4 $11 9. bxc4 e5 10. d5 e4 11. Nd4 Ne5 12. Qc3 c5 13. Nb5 {[%emt 0:19:44] d6 is the strong threat.} (13. dxc6 {simplifies} Nxc6 14. Nxc6 bxc6 15. Nd2) 13... O-O 14. d6 Qe6 15. Nc7 Qxd6 16. Nxa8 e3 $40 {[%emt 0:05:53][%mdl 128] Black attacks.} 17. f3 $2 {[%emt 0:20:15][%mdl 8192] [#]} ({White should play} 17. Qxe3 $15 Re8 18. Nc7 Nd3+ (18... Qxc7 19. Bg2 $11) 19. Qxd3 Qxd3 20. Nxe8) 17... Rd8 $1 $19 18. Qc1 {[%emt 0:00:15][%cal Of1g2] Inhibits Qd1+.} (18. Qxe3 $2 Qd1+ (18... Nxc4 19. Qd3 $16) 19. Kf2 Nfg4+ (19... Nxc4 20. Qc3 $16) 20. fxg4 Nxg4+ 21. Kf3 Nxe3 $19) 18... Ne4 {[%emt 0:07:11][%cal Oe5c4] ...Nxc4! is the strong threat.} 19. Bg2 $2 {[%emt 0:09:04] [#]} ({Not} 19. fxe4 Qf6 20. Qxe3 Ng4 $19) (19. f4 Nxc4 20. Bg2) 19... Nxg3 $1 20. Nc3 (20. Qxe3 Re8) 20... Nxh1 21. Qxe3 Nxc4 22. Qd3 Qxd3 (22... Qf6 $142 23. Qxc4 Rd4 24. Qxd4 Qxd4) 23. exd3 Ne3 (23... Rxd3 $2 24. Rc1 $17) 24. Ke2 Nxg2 25. Nc7 Nf4+ 26. Ke3 {[%emt 0:00:56] [#]} g5 $1 0-1

[Event "98th Caplin Hastings Masters 2024-25"]
[Site "Hastings"]
[Date "2024.12.28"]
[Round "1.7"]
[White "Ghazarian, Kirk"]
[Black "Bin-Suhayl, Ieysaa"]
[Result "1-0"]
[ECO "C13"]
[WhiteElo "2501"]
[BlackElo "2183"]
[Annotator "TA"]
[PlyCount "95"]
[EventDate "2024.12.23"]
[EventType "swiss"]
[EventCountry "ENG"]
[SourceTitle "playchess.com"]
[Source "ChessBase"]
[SourceQuality "1"]
[TimeControl "5400+30"]

1. e4 e6 2. d4 d5 3. Nc3 Nf6 4. Bg5 Be7 5. e5 Nfd7 6. h4 h6 7. Bxe7 Qxe7 8. f4 a6 9. Nf3 c5 10. Qd2 Nc6 {[%emt 0:00:23] The position is equal.} 11. g4 b5 12. Ne2 f6 13. O-O-O fxe5 14. fxe5 Rf8 {[%emt 0:10:13] Prevents g5} 15. Rh3 cxd4 16. Nexd4 Ndxe5 17. Nxe5 Nxe5 18. Re1 {[%emt 0:03:32] Nf5 is the strong threat.} Nxg4 19. Be2 e5 $2 {[%emt 0:17:34] [#]} (19... Nf6 $14) 20. Rg3 (20. Nc6 Qd6 21. Bxg4 Bxg4 $11) (20. Bxg4 $1 $18 Bxg4 21. Rg3) 20... Qxh4 (20... Rf4 $14 21. Bxg4 Rxd4 (21... Bxg4 $2 22. Nc6 $18) 22. Bh5+ Kd8 23. Qxd4 exd4 24. Rxe7 Kxe7) 21. Qc3 b4 $2 (21... exd4 22. Bxg4+) (21... h5 $16) 22. Qc6+ $18 (22. Qxb4 $2 Qxg3 23. Nc6 Qf4+ 24. Kb1 Qxb4 25. Nxb4 Nf6 $19) 22... Bd7 23. Qg6+ (23. Qxa8+ Ke7 24. Nc6+ (24. Qxa6 $2 Qxg3 25. Rd1 exd4 $19) 24... Bxc6 25. Qa7+ Kd6 $18) 23... Kd8 (23... Ke7 $142 24. Bxg4 (24. Rxg4 $2 Qxe1+ 25. Bd1 Rf1 $19) 24... Qg5+ 25. Qxg5+ hxg5 26. Bxd7 (26. Rxe5+ Kd6 $18) 26... Kxd7 27. Rxe5 Rf1+ 28. Kd2 Rg8 29. Rxd5+ (29. Rexg5 Kc7 $18) 29... Kc8 30. Rgxg5 (30. Rdxg5 Rf7 $18) (30. Rc5+ Kb7 $18) 30... g6) 24. Qb6+ Ke7 {[%emt 0:03:43][%cal Bd8e7,Be7f6,Bf6f7,Bf7g8][%mdl 32] [#]} 25. Qc5+ $1 Kf6 26. Qd6+ Kf7 27. Qxd7+ Kg8 28. Qxg4 (28. Ne6 $142 Rf7 29. Qxd5 (29. Rxg4 $2 Qxe1+ 30. Bd1 Qe3+ 31. Kb1 Rxd7 $19)) 28... Qxg4 29. Rxg4 (29. Bxg4 exd4 30. Re6 (30. Be6+ Kh7 $18) 30... Rac8 $18) 29... exd4 30. Rxd4 Rae8 31. Kd1 a5 32. Rxd5 Rd8 33. Rxd8 Rxd8+ {[%emt 0:00:05][%mdl 4096] Endgame. KRB-KR} 34. Bd3 Rd5 35. Ke2 {[%emt 0:01:48] aiming for Bc4.} (35. Re8+ Kf7 36. Rh8 h5 $18) 35... Re5+ 36. Kf2 Rxe1 (36... Rg5 37. Re7 h5) 37. Kxe1 {[%emt 0:00:07] KB-KP} Kf7 38. Kf2 {[%emt 0:00:08] Threatens to win with c4.} Kf6 39. Ke3 Ke5 40. c4 bxc3 41. bxc3 {[%emt 0:00:02][%cal Bb2c3,Bc3c4,Bc4c5][%mdl 32] KB-K3P. White mates.} g5 42. Be2 Kf5 43. c4 g4 44. Kd4 h5 45. c5 Ke6 46. Ke4 g3 47. Bf1 (47. Bxh5 $2 {loses.} g2 48. Be2 (48. Bg4+ $2 Ke7 $19) 48... g1=Q $19 (48... g1=R 49. Kd4 $15)) 47... h4 48. Bh3+ {[%emt 0:00:08] Weighted Error Value: White=0.49/Black=0.46.  Loses game:     	---       	Black=1      Mistake:       	White=1     	Black=4      Inaccurate:     	White=1     	Black=4      OK:         	White=11    	Black=8      Best:        	White=2     	Black=2} 1-0

[Event "98th Caplin Hastings Masters 2024-25"]
[Site "Hastings"]
[Date "2024.12.28"]
[Round "1.8"]
[White "Wall, Tim P"]
[Black "Seo, Jung Min"]
[Result "0-1"]
[ECO "D01"]
[WhiteElo "2173"]
[BlackElo "2491"]
[Annotator "TA"]
[PlyCount "90"]
[EventDate "2024.12.23"]
[EventType "swiss"]
[EventCountry "ENG"]
[SourceTitle "playchess.com"]
[Source "ChessBase"]
[SourceQuality "1"]
[TimeControl "5400+30"]

1. d4 Nf6 2. Nc3 d5 3. Bf4 a6 4. e3 e6 5. h4 c5 6. Nf3 Nc6 7. a3 Bd6 8. dxc5 Bxc5 9. Bd3 h6 10. e4 Ng4 11. Bg3 d4 12. Ne2 (12. Nxd4 $5 Nxf2 13. Bxf2 Bxd4 14. Qd2 $11) 12... e5 13. Bc4 Qe7 14. h5 (14. O-O $11) 14... Bd7 (14... O-O $17) 15. Nc1 Nf6 16. Bh4 Qd6 17. Nd2 b5 18. Ba2 Bg4 19. f3 Bd7 (19... Bxh5 $2 20. Bxf6 Qxf6 21. Rxh5 $18) 20. g4 Nh7 21. Nd3 Bb6 22. Qe2 Bd8 23. Bg3 Bg5 ({Black should try} 23... Be6 $11) 24. Bd5 $1 $14 f6 25. a4 {[%emt 0:01:08] Black must now prevent axb5.} Ke7 26. Kf1 (26. O-O $16) 26... Be6 27. Bxe6 Qxe6 28. axb5 axb5 29. Kg2 Bxd2 30. Qxd2 Kf7 31. b3 Rhc8 32. Rhc1 (32. Rhb1 Ng5 33. Rc1 Kg8 34. Qd1) 32... Kg8 (32... Ng5 {is interesting.} 33. Qe1 Ne7 34. Qe2 Kg8) 33. Qe2 Qe7 34. Be1 {[%emt 0:00:15] Against Nb4} Ng5 35. Bd2 Ne6 36. Qf1 Rxa1 37. Rxa1 Nc5 38. Nb4 Nxb4 39. Bxb4 Qb7 40. Bxc5 (40. Qd1 $15) 40... Rxc5 $15 {[%emt 0:00:05] KQR-KQR} 41. Ra2 Qc6 42. Qd1 b4 43. Kg3 Rc3 44. Qe2 Kh7 {[%emt 0:00:14] and ...Re3 would now be decisive Black is more active.} 45. Qd1 $2 (45. Kg2 $17) 45... Qxe4 0-1

[Event "98th Caplin Hastings Masters 2024-25"]
[Site "Hastings"]
[Date "2024.12.28"]
[Round "1.9"]
[White "Bazakutsa, Svyatoslav"]
[Black "Chandler, Cliff R"]
[Result "0-1"]
[ECO "A25"]
[WhiteElo "2484"]
[BlackElo "2161"]
[Annotator "TA"]
[PlyCount "88"]
[EventDate "2024.12.23"]
[EventType "swiss"]
[EventCountry "ENG"]
[SourceTitle "playchess.com"]
[Source "ChessBase"]
[SourceQuality "1"]
[TimeControl "5400+30"]

1. c4 Nc6 2. Nc3 e5 3. g3 Nf6 4. Bg2 Bc5 5. Nf3 e4 (5... O-O $11) 6. Ng5 Bxf2+ $1 7. Kxf2 Ng4+ 8. Kg1 $1 {[%emt 0:00:56] White is slightly better.} Qxg5 9. Nxe4 Qe7 10. h3 Nf6 11. Nxf6+ Qxf6 12. d3 h5 13. Qf1 Qxf1+ 14. Kxf1 d6 15. Kf2 Bd7 16. Bd2 O-O-O 17. b4 h4 18. g4 f5 19. gxf5 Bxf5 20. Raf1 Be6 21. b5 (21. Ke1 $14) 21... Nd4 $11 22. e4 c5 23. bxc6 Nxc6 (23... Rdf8+ {looks sharper.} 24. Ke3 Nc2+ 25. Ke2 Nd4+) 24. Be3 (24. Ke3 $14) 24... Rh5 25. Rb1 (25. a4 $11) 25... Ra5 $15 26. Rb2 Ne5 27. Ke2 Ra3 28. Rd2 {[%emt 0:00:48] [#]} Nxd3 $2 {[%emt 0:01:03] Black is more active.} 29. Rxd3 $16 Rxa2+ 30. Bd2 (30. Rd2 $18) 30... Bxc4 31. Rc1 b5 32. Ke1 Kd7 33. Rd4 (33. Rf3 $14) 33... Ke6 (33... Rf8 $11 {remains equal.}) 34. Bf3 Rf8 {[%emt 0:00:25] [#] Prevents Bf4} (34... Ke5 $1 $14 35. Bc3 Kf4) 35. Bg4+ {[%emt 0:00:19] A strong pair of Bishops.} (35. Be2 $1 $16) 35... Ke5 $14 36. Rcxc4 $1 bxc4 37. Rxc4 ({White should play} 37. Bc3 $14 Kf4 38. e5+ (38. Rxc4 Kg3 $16) (38. Rxd6 Rb8 $17) 38... Ke3 39. Rxd6 (39. exd6 $2 Rh2 $19)) 37... Rb8 $11 {[%emt 0:03:17] Strongly threatening ...Rb1+.} 38. Bd1 $2 (38. Bc3+ $11 Kf4 39. e5+ Ke3 40. Bf5 (40. exd6 {is a self mate.} Rb1+ 41. Bd1 Re2+ 42. Kf1 Rxd1+)) 38... Rb1 $19 39. Rc3 $2 (39. Bc3+ Kf4 (39... Ke6 40. Rb4 $17) 40. Bd2+ Ke5 41. Bc3+ Kf4 (41... Ke6 $2 42. Rb4 $17) 42. Bd2+ Ke5) 39... Raa1 ({Less strong is} 39... Kxe4 40. Ke2 $11) 40. Ke2 Rxd1 41. Rd3 Ke6 {[%emt 0:02:45] And now ...Rh1 would win.} 42. Kf3 Ra2 {[%emt 0:00:19] Black mates.} 43. Ke2 {[%emt 0:00:05] [#]} Rdxd2+ $1 44. Rxd2 Rxd2+ {[%emt 0:00:07] Quite a comeback for Black.   Weighted Error Value: White=0.66/Black=0.22 (precise) .  Loses game:     	White=1     	---        Mistake:       	White=8     	Black=3      Inaccurate:     	White=5     	Black=1      OK:         	White=10    	Black=15     Best:        	White=1     	Black=5      Strong:       	White=2     	Black=1} 0-1

[Event "98th Caplin Hastings Masters 2024-25"]
[Site "Hastings"]
[Date "2024.12.28"]
[Round "1.10"]
[White "Brewer, Callum D"]
[Black "Gasanov, Eldar"]
[Result "0-1"]
[ECO "B22"]
[WhiteElo "2151"]
[BlackElo "2476"]
[Annotator "ChessBase"]
[PlyCount "102"]
[EventDate "2024.12.23"]
[EventType "swiss"]
[EventCountry "ENG"]
[SourceTitle "playchess.com"]
[Source "ChessBase"]
[SourceQuality "1"]
[TimeControl "5400+30"]

1. e4 c5 2. Nf3 e6 3. c3 d5 4. exd5 Qxd5 5. d4 Nf6 6. Na3 a6 7. Nc4 Nbd7 8. Be2 b5 9. Ne3 Qc6 10. Ne5 Qc7 11. Bf3 Bb7 12. Bxb7 Qxb7 13. Qf3 Rb8 14. Qxb7 Rxb7 15. Nf3 Bd6 16. O-O O-O 17. Bd2 Rc8 18. dxc5 Nxc5 19. Rad1 Na4 20. b3 Nb6 21. c4 Bc5 22. cxb5 axb5 23. Rc1 Rbb8 24. g3 Ne4 25. Ba5 Bxe3 26. fxe3 Nd5 27. Nd4 h5 28. Rfe1 b4 29. Rc4 Ra8 30. Rec1 Rxc4 31. bxc4 Rxa5 32. cxd5 Rxd5 33. Rc4 e5 34. Nf3 Nc3 35. Rxb4 Nxa2 36. Rc4 f6 37. Kf2 Rd7 38. Ke2 Rb7 39. Kd3 Kf7 40. Ra4 Rb3+ 41. Kd2 Rb2+ 42. Kd3 Rb3+ 43. Kd2 Nb4 44. Ra7+ Ke6 45. Rxg7 Nd5 46. Rh7 Rxe3 47. Ne1 Rb3 48. Rxh5 e4 49. Nc2 e3+ 50. Ke2 Rb2 51. Kd1 Nc3+ 0-1

[Event "98th Caplin Hastings Masters 2024-25"]
[Site "Hastings"]
[Date "2024.12.28"]
[Round "1.11"]
[White "Kaasen, Tor Fredrik"]
[Black "Briem, Benedikt"]
[Result "1-0"]
[ECO "E01"]
[WhiteElo "2473"]
[BlackElo "2132"]
[Annotator "TA"]
[PlyCount "119"]
[EventDate "2024.12.23"]
[EventType "swiss"]
[EventCountry "ENG"]
[SourceTitle "playchess.com"]
[Source "ChessBase"]
[SourceQuality "1"]
[TimeControl "5400+30"]

1. c4 e6 2. g3 d5 3. Bg2 Nf6 4. d4 Bd6 5. Nf3 O-O 6. O-O h6 7. Nc3 Nc6 8. c5 Be7 9. a3 a5 10. Bf4 Nh5 11. Be3 Nf6 12. Rb1 b6 13. b4 axb4 14. axb4 bxc5 15. dxc5 Ng4 $1 16. Bd2 e5 (16... Nge5 $11) 17. b5 $16 Na5 18. h3 Nf6 19. Nxe5 Bxc5 20. Nxd5 Nxd5 21. Bxa5 Rxa5 22. Nc6 (22. Bxd5 $2 Qg5 23. Nc6 (23. Ng4 $2 h5 $19) 23... Qxg3+ 24. Bg2 Bxh3 $19) 22... Qg5 (22... Bxf2+ $2 23. Rxf2 Qe8 24. Qxd5 $18 (24. Nxa5 Nc3 $18) (24. Bxd5 Ra8 $18)) 23. Qxd5 Qxd5 24. Bxd5 Ra3 25. Kg2 Bb7 26. Rbc1 Bd6 27. Rfd1 Bxc6 (27... Kh8 $16 28. Rc2 Bc8) 28. Rxc6 $18 (28. Bxc6 $6 Rb3 29. Rc2 g6) 28... Rb8 29. b6 Rxb6 30. Rxb6 cxb6 31. Bxf7+ $1 Kxf7 32. Rxd6 Rb3 33. g4 b5 34. Rb6 b4 {[%emt 0:00:17] [#]} 35. h4 $1 Rb1 (35... Ke8 36. Rb7 Kf8) 36. h5 $18 Ke7 37. Rg6 Kf7 38. Kf3 Rc1 39. Rb6 Rc3+ 40. e3 b3 $2 (40... Rc4 {was worth a try.} 41. e4 Rc3+ 42. Kf4 b3) 41. Kf4 $18 Rc2 42. f3 ({Weaker is} 42. Rxb3 Rxf2+ 43. Ke5 Rg2 $11) 42... b2 43. e4 Rf2 44. Ke3 Rg2 45. e5 Ke7 46. Ke4 Rf2 47. f4 Kf7 $2 {[%emt 0:02:15] [#]} (47... Kd7 48. Kf5 Rg2) 48. Rb7+ $1 $18 Kg8 49. Kf5 Rc2 50. e6 Re2 51. Rb8+ Kh7 52. Rb6 Kg8 53. Rb7 Kh7 54. Rb8 Rf2 55. Ke5 Re2+ 56. Kd6 Rd2+ 57. Ke7 Rc2 58. Kf7 Rc4 59. f5 Rc6 60. Rxb2 1-0

[Event "98th Caplin Hastings Masters 2024-25"]
[Site "Hastings"]
[Date "2024.12.28"]
[Round "1.12"]
[White "Kolani, Arjun"]
[Black "Kovchan, Alexander"]
[Result "0-1"]
[ECO "B90"]
[WhiteElo "2131"]
[BlackElo "2455"]
[Annotator "TA"]
[PlyCount "78"]
[EventDate "2024.12.23"]
[EventType "swiss"]
[EventCountry "ENG"]
[SourceTitle "playchess.com"]
[Source "ChessBase"]
[SourceQuality "1"]
[TimeControl "5400+30"]

1. e4 c5 2. Nf3 d6 3. d4 cxd4 4. Nxd4 Nf6 5. Nc3 a6 6. f3 e5 7. Nb3 Be6 8. Be3 h5 9. Nd5 Bxd5 10. exd5 g6 11. Qd2 {[%emt 0:01:35] White has an edge.} Qc7 12. Be2 Nbd7 13. Rc1 b6 14. c4 Bg7 15. O-O O-O 16. h3 Rae8 17. g4 hxg4 18. hxg4 Nh7 {[%emt 0:01:21] [#]} (18... a5 $14) 19. Bd3 ({White should try} 19. Rf2 $1 $16) 19... Qd8 20. Rf2 Bf6 21. Rh2 (21. Kg2 {simplifies} Bg5 22. Rh1 Bxe3 23. Qxe3 Qg5 24. Qxg5 Nxg5 25. Re2) 21... Bg5 22. Kf2 Bxe3+ 23. Qxe3 Qg5 24. Rch1 Ndf6 25. Nd2 (25. Qxb6 $2 {too greedy.} e4 26. Qe3 exd3 27. Qxg5 Nxg5 $19) 25... Qf4 {[%emt 0:01:49] Really sharp!} 26. Qxf4 exf4 27. Re1 Rxe1 28. Kxe1 Ng5 29. Re2 Nd7 30. Re7 Rd8 31. Kf2 Kg7 32. Re1 a5 33. a3 (33. Nb3 $11) 33... Ne5 34. Be2 Rh8 {[%emt 0:01:24][%cal Oe5d3] Strongly threatening ...Nd3+!} 35. Kg2 Re8 {[%emt 0:00:53][%cal Oe5d3] aiming for ...Nd3!} 36. Kf2 a4 37. Nb1 $2 {[%emt 0:00:26][%mdl 8192] [#]} ({Better is} 37. b4 $15) 37... Ngxf3 $1 $19 38. Rh1 Nd4 {[%emt 0:00:56] Threatens to win with ...f3. Excellent horsemanship.} ({And not} 38... Nxg4+ 39. Kxf3 f5 40. Nc3 $15) 39. Bd1 (39. g5 $142) 39... Nd3+ {[%emt 0:00:37] Weighted Error Value: White=0.42/Black=0.05 (flawless) .  Loses game:     	White=1     	---        Mistake:       	White=3     	Black=1      Inaccurate:     	White=2     	Black=2      OK:         	White=10    	Black=19} 0-1